 Dungeon Crawl Stone Soup version 0.13.0-25-g43d4df3 (webtiles) character file.

21934 Kae the Severer (level 12, -8/107 HPs)
             Began as a Hill Orc Berserker on Oct 28, 2013.
             Was the Champion of Trog.
             Engulfed by a cloud of freezing vapour (17 damage)
             ... in an ice cave.
             The game lasted 00:39:43 (17304 turns).

Kae the Severer (Hill Orc Berserker)               Turns: 17304, Time: 00:39:44

HP  -8/107       AC 17     Str 25      XL: 12   Next: 88%
MP  11/11        EV 12     Int 12      God: Trog [******]
Gold 645         SH  0     Dex 11 (15) Spells:  0 memorised, 11 levels left

Res.Fire  : . . .   See Invis. : .   a - +3,+4 dwarf executioner's axe (freeze)
Res.Cold  : . . .   Warding    : .   N - +0 orc plate armour
Life Prot.: . . .   Conserve   : .   (no shield)
Res.Poison: .       Res.Corr.  : .   (no helmet)
Res.Elec. : .       Clarity    : .   u - +0 cloak
Sust.Abil.: . .     Spirit.Shd : .   (no gloves)
Res.Mut.  : .       Stasis     : .   (no boots)
Res.Rott. : .       Flight     : .   U - amulet of the gourmand
Gourmand  : +                        (no ring)
                                     K - cursed ring of invisibility

@: brilliant, agile, somewhat resistant to hostile enchantments, extremely
unstealthy
A: blurry vision 1, saprovore 1
a: Burn Spellbooks, Berserk, Trog's Hand, Brothers in Arms, Renounce Religion,
Evoke Invisibility


You were in an ice cave.
You worshipped Trog.
Trog was exalted by your worship.
You were hungry.

You visited 2 branches of the dungeon, and saw 12 of its levels.
You also visited: Sewer and Ice Cave.

You collected 625 gold pieces.

Inventory:

Hand weapons
 a - a +3,+4 dwarven executioner's axe of freezing (weapon)
 b - a +5,+6 dwarven battleaxe of holy wrath
 n - a +0,+1 war axe
 M - a +4,+0 hand axe (quivered)
 W - a +3,+0 battleaxe of chopping
Armour
 q - a +2 dwarven chain mail
 u - a +0 cloak (worn)
 N - a +0 orcish plate armour (worn)
Magical devices
 r - a wand of random effects (16)
 C - a wand of frost (20)
 H - a wand of fire (8)
 I - a wand of polymorph (5)
 L - a wand of random effects (13)
 O - a wand of magic darts (11) {unknown}
 Q - a wand of fire (6)
 V - a wand of disintegration (9) {unknown}
 X - a wand of confusion (16) {unknown}
Comestibles
 c - 3 meat rations
 h - 16 grapes
 i - 2 bread rations
 J - 15 strawberries
 R - a beef jerky
Scrolls
 d - 8 scrolls of remove curse
 e - 6 scrolls of teleportation
 g - 5 scrolls of recharging
 j - a scroll of curse weapon
 k - 2 scrolls of enchant weapon I
 l - a scroll of enchant weapon II
 o - 4 scrolls of identify
 p - a scroll of enchant armour
 y - 2 scrolls of fog
 A - 3 scrolls of magic mapping
 T - a scroll of fear {unknown}
Jewellery
 G - an uncursed amulet of resist corrosion
 K - a cursed ring of invisibility (left hand)
 U - an amulet of the gourmand (around neck)
Potions
 m - 7 potions of curing
 s - 2 potions of brilliance
 t - 2 potions of heal wounds
 v - a potion of degeneration
 B - a potion of agility
 D - 3 potions of might


   Skills:
 * Level 12.9 Fighting
 + Level 16.2 Axes
 * Level 11.7 Armour
 + Level 6.4 Dodging


You had 11 spell levels left.
You didn't know any spells.

Dungeon Overview and Level Annotations

Branches:
Dungeon (10/27)            Temple (0/1) D:5             Orc (0/4) D:8
   Lair (2/8) D:9

Altars:
Elyvilon
Nemelex Xobeh

Shops:
D:6 /

Annotations:
D:9 exclusion: 4 doors


Innate Abilities, Weirdness & Mutations

You can tolerate rotten meat.
Your vision is a little blurry.


Message History

The wolf bites you but does no damage. The wolf closely misses you.
The wolf misses you.
You barely miss the wolf.
The wolf is almost dead.
You are engulfed in freezing vapours.
* * * LOW HITPOINT WARNING * * *
The wolf bites you.
* * * LOW HITPOINT WARNING * * *
The wolf completely misses you. The wolf bites you!
* * * LOW HITPOINT WARNING * * *
Found 12 exploding darts and 13 gold pieces.
You slice the wolf!! You freeze the wolf.
You kill the wolf!
Trog accepts your kill.
You are engulfed in freezing vapours.
One of your 8 potions of curing freezes and shatters!
One of your 3 potions of heal wounds freezes and shatters!
Your potion of paralysis freezes and shatters!
You die...

##...#
#..##
##.##
##%.### #
##§.##$ (#
##§§##.#$#
#§§§.#..
##§§#%#
##§@##
##..#
#...#
##..# ..#
.## ##


There were no monsters in sight!

Vanquished Creatures
  An orc warlord (D:9)
  Gastronok (D:9)
  A hill giant (D:10)
  Pikel (D:4)
  A necromancer (D:8)
  6 orc knights (D:9)
  Joseph (D:10)
  Maurice (D:8)
  A fire drake (Lair:1)
  A komodo dragon (Lair:2)
  A troll (D:9)
  5 blink frogs (Lair:1)
  2 basilisks
  A boulder beetle (D:10)
  A wyvern (D:9)
  8 yaks
  Eustachio (D:9)
  Grum (D:9)
  The ghost of Impy the Covered, an average DsWn (D:4)
  5 hippogriffs
  6 wolves
  Edmund (D:8)
  A slave (D:4)
  10 ice beasts
  2 sky beasts
  8 porcupines
  3 phantoms
  4 centaurs
  7 orc warriors
  2 ogres
  A yellow wasp (D:10)
  18 wargs (D:9)
  4 crocodiles
  3 water moccasins
  A giant slug (D:9)
  Blork the orc (D:9)
  An agate snail (D:9)
  11 giant frogs
  18 killer bees
  2 quasits
  4 hounds
  A goliath beetle (D:7)
  3 jellies
  A giant frog zombie (D:9)
  5 crimson imps
  8 orc wizards
  A centaur skeleton (D:6)
  A giant frog skeleton (D:5)
  A grizzly bear simulacrum (D:8)
  3 scorpions (D:7)
  3 iguanas
  2 orc priests
  8 worker ants
  6 sheep
  Ijyb (D:2)
  Terence (D:2)
  9 gnolls
  A worker ant zombie (D:6)
  24 adders
  14 green rats
  A shadow imp (D:9)
  3 giant mites
  4 worms
  An adder zombie (D:6)
  16 grey rats (Sewer)
  An adder skeleton (D:5)
  7 giant geckos
  3 oozes (Sewer)
  64 orcs
  17 ball pythons
  21 bats
  7 giant cockroaches
  13 goblins
  15 hobgoblins
  10 jackals
  12 kobolds
  9 giant newts
  2 orc skeletons
  6 quokkas
  22 rats
  A rat simulacrum (D:8)
  16 ballistomycetes (D:9)
  A bush (D:9)
  2 fungi
496 creatures vanquished.

Vanquished Creatures (others)
  3 polar bears (IceCv)
  A yak (IceCv)
  An orc (D:9)
  2 giant cockroaches (D:4)
  A goblin (D:4)
  2 giant spores (D:9)
  2 ballistomycetes (D:9)
  4 plants (D:9)
16 creatures vanquished.

Grand Total: 512 creatures vanquished

Notes
Turn   | Place    | Note
--------------------------------------------------------------
     0 | D:1      | Kae, the Hill Orc Berserker, began the quest for the Orb.
     0 | D:1      | Reached XP level 1. HP: 19/19 MP: 0/0
   127 | D:1      | Reached XP level 2. HP: 16/26 MP: 1/1
   542 | D:1      | Reached skill level 5 in Axes
   549 | D:1      | Acquired Trog's second power
   668 | D:1      | Reached XP level 3. HP: 21/33 MP: 2/2
   968 | D:2      | Found a white marble altar of Elyvilon.
  1292 | D:2      | Reached skill level 6 in Axes
  1292 | D:2      | Reached XP level 4. HP: 24/39 MP: 3/3
  1741 | D:2      | Noticed Ijyb
  1754 | D:2      | Killed Ijyb
  2029 | D:2      | Reached skill level 7 in Axes
  2029 | D:2      | Reached XP level 5. HP: 41/46 MP: 4/4
  2168 | D:2      | Noticed Terence
  2185 | D:2      | Killed Terence
  2806 | D:3      | Reached skill level 8 in Axes
  3154 | D:3      | Reached XP level 6. HP: 52/52 MP: 5/5
  3437 | D:4      | Noticed Impy's ghost (average DsWn)
  3450 | D:4      | Killed Impy's ghost
  3450 | D:4      | Reached skill level 9 in Axes
  3693 | D:4      | Noticed Pikel
  3727 | D:4      | Killed Pikel
  3727 | D:4      | Reached skill level 11 in Axes
  3727 | D:4      | Reached XP level 7. HP: 59/59 MP: 6/6
  3727 | D:4      | Reached XP level 8. HP: 66/66 MP: 7/7
  4251 | D:5      | Entered Level 5 of the Dungeon
  4384 | D:5      | Reached skill level 12 in Axes
  4401 | D:5      | Found a staircase to the Ecumenical Temple.
  4771 | D:5      | Found a glowing drain.
  4778 | D:5      | Acquired Trog's third power
  4799 | Sewer    | Entered a sewer
  5296 | Sewer    | Reached skill level 13 in Axes
  5931 | D:6      | Found Frekh's Magical Wand Emporium.
  6280 | D:6      | Found a sparkling altar of Nemelex Xobeh.
  6324 | D:6      | Received a gift from Trog
  6361 | D:6      | Reached skill level 14 in Axes
  6582 | D:6      | Reached XP level 9. HP: 32/72 MP: 8/8
  7699 | D:7      | Reached skill level 15 in Axes
  8934 | D:8      | Noticed Maurice
  9245 | D:8      | Killed Maurice
  9245 | D:8      | Reached skill level 5 in Fighting
  9593 | D:8      | Reached XP level 10. HP: 65/82 MP: 9/9
  9649 | D:8      | Reached skill level 5 in Armour
  9715 | D:8      | Found a staircase to the Orcish Mines.
  9828 | D:8      | Noticed a necromancer
  9842 | D:8      | Killed a necromancer
 11352 | D:9      | Noticed Eustachio
 11358 | D:9      | Received a gift from Trog
 11366 | D:9      | Killed Eustachio
 11472 | D:8      | Reached XP level 11. HP: 32/93 MP: 10/10
 11681 | D:9      | Found a staircase to the Lair.
 11687 | D:9      | Noticed an orc knight
 11688 | D:9      | Noticed an orc knight
 11840 | D:9      | Noticed an orc warlord
 11856 | D:9      | Killed an orc warlord
 11856 | D:9      | Reached skill level 10 in Fighting
 11927 | D:9      | Killed an orc knight
 12116 | D:9      | Noticed Blork the orc
 12158 | D:9      | Killed Blork the orc
 12259 | D:9      | Noticed an orc knight
 12289 | D:9      | Killed an orc knight
 12289 | D:9      | Reached skill level 5 in Dodging
 12317 | D:9      | Noticed Edmund
 12624 | D:8      | Killed Edmund
 13070 | D:9      | Killed an orc knight
 13174 | D:9      | Noticed Gastronok
 13208 | D:9      | Killed Gastronok
 13610 | D:9      | Reached skill level 10 in Armour
 13925 | D:9      | Noticed an orc knight
 13925 | D:9      | Noticed an orc knight
 13934 | D:9      | Killed an orc knight
 13934 | D:9      | Reached XP level 12. HP: 79/105 MP: 11/11
 13941 | D:9      | Killed an orc knight
 13993 | D:9      | Noticed Grum
 14003 | D:9      | Killed Grum
 14451 | D:9      | Noticed an orc knight
 14466 | D:9      | Killed an orc knight
 14644 | D:10     | Entered Level 10 of the Dungeon
 14844 | D:10     | Received a gift from Trog
 15452 | D:10     | Noticed Joseph
 15458 | D:10     | Killed Joseph
 15919 | Lair:1   | Entered Level 1 of the Lair of Beasts
 15980 | Lair:1   | Reached skill level 16 in Axes
 16074 | Lair:1   | Received a gift from Trog
 16862 | Lair:2   | Found a frozen archway.
 16902 | IceCv    | Entered an ice cave
 17259 | IceCv    | Gained mutation: Your mind is acute. (Int +2) [potion of mutation]
 17259 | IceCv    | Lost mutation: Your mind is acute. (Int +2) [potion of mutation]
 17259 | IceCv    | Gained mutation: Your vision is a little blurry. [potion of mutation]
 17260 | IceCv    | Paralysed by a potion of paralysis for 7 turns
 17304 | IceCv    | Engulfed by a cloud of freezing vapour

Action                   |  1- 3 |  4- 6 |  7- 9 | 10-12 || total
-------------------------+-------+-------+-------+-------++-------
Melee: Hand axe          |    94 |   267 |   601 |    58 ||  1020
       War axe           |       |       |   112 |   201 ||   313
       Executioner's axe |       |       |       |   467 ||   467
Invok: Berserk           |     1 |     4 |     5 |    10 ||    20
       Trog's Hand       |       |     1 |     1 |     9 ||    11
       Burn Spellbooks   |       |       |     1 |     1 ||     2
Evoke: Wand              |       |       |     1 |     1 ||     2
  Use: Scroll            |       |       |    18 |     7 ||    25
       Potion            |       |       |       |    11 ||    11
